 Dungeon Crawl Stone Soup version 0.30-a0-553-g7fabdf1491 (webtiles) character file.

Game seed: 6657173314915576975

52 PyroL the Chiller (level 3, -24/26 HPs)
             Began as a Draconian Ice Elementalist on Dec 26, 2022.
             Killed by an exploding Ijyb (33 damage)
             ... ignited by their inner flame
             ... on level 3 of the Dungeon.
             The game lasted 00:03:29 (1650 turns).

PyroL the Chiller (Draconian Ice Elementalist)      Turns: 1650, Time: 00:03:29

Health: -24/26     AC:  5    Str: 10    XL:     3   Next: 60%
Magic:  3/7        EV: 12    Int: 17    God:
Gold:   77         SH:  0    Dex: 11    Spells: 1/8 levels left

rFire   . . .      SeeInvis .    d - +0 sling
rCold   . . .      Faith    .    (no shield)
rNeg    . . .      Spirit   .    (body armour unavailable)
rPois   .          Reflect  .    (helmet restricted)
rElec   .          Harm     .    (no cloak)
rCorr   .          Rampage  .    (no gloves)
Will    +....                    (no boots)
Stlth   ++                       (no amulet)
HPRegen 0.24/turn                p - ring of willpower
MPRegen 0.10/turn                (no ring)

@: no status effects
A: AC +5, unfitting armour, cold-blooded
a: no special abilities


You were on level 3 of the Dungeon.
You visited 1 branch of the dungeon, and saw 3 of its levels.

You collected 77 gold pieces.

Inventory:

Hand Weapons
 d - a +0 sling (weapon)
Missiles
 h - 6 silver boomerangs
 i - 6 poisoned darts
Jewellery
 p - a ring of willpower (left hand)
Scrolls
 b - a scroll of fog {unknown}
 e - a scroll of identify {unknown}
 g - 2 scrolls of immolation
 k - 2 scrolls of vulnerability {unknown}
 l - a scroll of magic mapping {unknown}
 q - 2 scrolls of teleportation {unknown}
 r - a scroll of enchant armour {unknown}
Potions
 a - a potion of magic
 c - 2 potions of degeneration {unknown}
 f - 3 potions of curing
 j - a potion of brilliance {unknown}
 m - 2 potions of resistance {unknown}
 n - a potion of lignification {unknown}
 o - a potion of flight {unknown}


   Skills:
 - Level 1.7 Dodging
 - Level 1.7 Stealth
 + Level 3.0 Spellcasting
 + Level 4.7 Ice Magic


You had one spell level left.
You knew the following spells:

 Your Spells              Type           Power      Damage    Failure   Level
a - Freeze                Ice            72%        1d8       2%          1
b - Ozocubu's Armour      Ice            18%        N/A       8%          3
c - Frozen Ramparts       Ice            36%        1d6       8%          3

Your spell library contained the following spells:

 Spells                   Type           Power      Damage    Failure   Level
 Magic Dart               Conj           8%         1d3       17%         1
 Call Imp                 Summ           2%         N/A       26%         2
 Mephitic Cloud           Conj/Pois/Air  2%         N/A       45%         3
 Summon Ice Beast         Ice/Summ       10%        N/A       54%         4


Dungeon Overview and Level Annotations

Branches:
Dungeon (3/15)

Altars:


Innate Abilities, Weirdness & Mutations

Your plain brown scales are hard. (AC +5)
You cannot fit into any form of body armour.
You are cold-blooded and may be slowed by cold attacks.


Message History

Ijyb hits you with a +0 club.
* * * LOW HITPOINT WARNING * * *
Ijyb hits you with a +0 club.
* * * LOW HITPOINT WARNING * * *
Your magical contamination has completely faded away.
Unknown command.
You shoot a sling bullet. The sling bullet closely misses Ijyb.
Ijyb hits you with a +0 club.
* * * LOW HITPOINT WARNING * * *
You shoot a sling bullet.
The sling bullet hits Ijyb but does no damage.
Ijyb zaps a wand.
The puff of flame misses you. Ijyb hits you with a +0 club.
* * * LOW HITPOINT WARNING * * *
As you read the scroll labelled SIHIERIZA, it crumbles to dust.
The creatures around you are filled with an inner flame!
It was a scroll of immolation.
Ijyb hits you but does no damage.
It was a potion of curing.
You feel better. Ijyb closely misses you.
Your icy armour will break if you move.
Continue?
Okay, then.
Unknown command.
You are too injured to fight recklessly!
You shoot a sling bullet. The sling bullet hits Ijyb.
Flame seeps out of Ijyb.
Ijyb is lightly wounded.
Ijyb is engulfed in blazing flames.
Flame seeps out of Ijyb.
Ijyb hits you with a +0 club.
* * * LOW HITPOINT WARNING * * *
Unknown command.
Your icy armour will break if you move.
Continue? [Y]es or [N]o only, please.
Your icy armour will break if you move.
Continue?
Okay, then.
You shoot a sling bullet.
The sling bullet hits Ijyb but does no damage.
Ijyb is heavily wounded.
Ijyb is engulfed in blazing flames.
Ijyb explodes!
The fiery explosion engulfs you!!
Your icy armour melts away.
Ouch! That really hurt!
You die...

#.# #.#
#.# #.#
#.# #.#
#.# #.#
#@#
#....§°§#
#########


There were no monsters in sight!

Vanquished Creatures
  Ijyb (D:3)
  An adder (D:3)
  2 dart slugs
  An orc (D:3)
  4 ball pythons
  4 endoplasms
  A giant cockroach (D:1)
  6 goblins (D:1)
  5 hobgoblins
  2 jackals (D:3)
  A quokka (D:1)
  3 bats (D:1)
  2 frilled lizards
  3 rats
36 creatures vanquished.

Notes
Turn   | Place    | Note
-------+----------+-------------------------------------------
     0 | D:1      | PyroL the Draconian Ice Elementalist began the quest for
                  | the Orb.
     0 | D:1      | Reached XP level 1. HP: 14/14 MP: 3/3
   309 | D:1      | Reached XP level 2. HP: 18/20 MP: 5/5
   748 | D:1      | Reached XP level 3. HP: 26/26 MP: 7/7
   752 | D:1      | Learned a level 3 spell: Ozocubu's Armour
   756 | D:1      | Learned a level 3 spell: Frozen Ramparts
  1633 | D:3      | Noticed Ijyb
  1650 | D:3      | Killed Ijyb
  1650 | D:3      | Killed by an exploding Ijyb... ignited by their inner flame

Illustrated notes

Levels and vault maps discovered:
D:1:      scummos_arrival_star, layout_basic, minmay_close_crescents
D:2:      layout_basic
D:3:      minmay_chambers_of_threes, layout_basic,
          chequers_serial_rivers_large_a, grunt_ministairs_15, uniq_ijyb

Skill      XL: |  1  2  3 |
---------------+----------+-----
Spellcasting   | 3 |  3.0
Dodging        | |  1.7
Stealth        | |  1.7
Ice Magic      | |  4.7

Action                   || total
-------------------------++-------
Melee: Unarmed           ||     5
 Fire: Sling             ||   149
 Cast: Freeze            ||    10
       Ozocubu's Armour  ||     2
       Frozen Ramparts   ||     1
  Use: Scroll            ||     1
       Potion            ||     1
 Stab: Sleeping          ||     1
Armor: Skin              ||    45
Dodge: Dodged            ||    86

Table legend: (Time is in decaauts)
 A = Elapsed time spent in this place.
 B = Non-inter-level travel time spent in this place.
 C = Inter-level travel time spent in this place.
 D = Time resting spent in this place.
 E = Time spent auto-exploring this place.
 F = Levels seen in this place.
 G = Mean time per level.
                   A        B        C        D        E       F      G
               +--------+--------+--------+--------+--------+-----+--------+
         Total |   1707 |   1687 |     20 |      0 |   1317 |   3 |  569.0 |
       Dungeon |   1707 |   1687 |     20 |      0 |   1317 |   3 |  569.0 |
               +--------+--------+--------+--------+--------+-----+--------+

Top non-repeatable levels by time:
     D:1: 856 daAuts
     D:2: 610 daAuts
     D:3: 240 daAuts
